 Dungeon Crawl Stone Soup version 0.17-a0-2055-gb4e23be (webtiles) character file.

128542 inmateoo the Stormcaller (level 16, -2/98 HPs)
             Began as a High Elf Air Elementalist on Oct 12, 2015.
             Was the Champion of Kikubaaqudgha.
             Slain by a cyclops (18 damage)
             ... on level 14 of the Dungeon.
             The game lasted 02:16:59 (36980 turns).

inmateoo the Stormcaller (HEAE)                    Turns: 36980, Time: 02:17:00

Health: -2/98      AC: 16    Str:  5    XL:     16   Next: 48%
Magic:  1/43       EV: 15    Int: 40    God:    Kikubaaqudgha [******]
Gold:   1610       SH:  0    Dex: 20    Spells: 9 memorised, 8 levels left

rFire  . . .     SeeInvis .     q - +6 dagger (elec)
rCold  . . .     Clarity  +     e - +0 ring mail "Ablab" {Int+6}
rNeg   + . .     SustAt   .     (no shield)
rPois  +         Gourm    .     F - +3 hat of Pondering {ponderous, MR+ MP+10 Int+5}
rElec  .         Spirit   .     K - +0 cloak
rCorr  .         Warding  .     v - +2 pair of gloves {Dex+3}
rMut   .         Stasis   .     r - +2 pair of boots
MR     ++...                    B - amulet of clarity
Stlth  +++++.....               t - +3 ring of intelligence
                                H - ring of positive energy

@: very slightly contaminated, repel missiles, slow, very resistant to hostile
enchantments, quite stealthy
A: poison resistance, screaming 2, weak 1, wild magic 1
a: Receive Corpses, Torment, Brand Weapon With Pain, Receive Necronomicon,
Renounce Religion


You were on level 14 of the Dungeon.
You worshipped Kikubaaqudgha.
Kikubaaqudgha was exalted by your worship.
You were not hungry.

You visited 3 branches of the dungeon, and saw 26 of its levels.
You also visited: Ossuary and Ice Cave.

You collected 3279 gold pieces.
You spent 1669 gold pieces at shops.

Inventory:

Hand Weapons
 k - the +9 halberd of Corporal Punishment {chop, rC+ MR+}
   (You found it on level 6 of the Lair of Beasts)

   It inflicts extra damage upon your enemies.
   It protects you from cold.
   It affects your resistance to hostile enchantments.
 q - a +6 dagger of electrocution (weapon)
Armour
 e - the +0 ring mail "Ablab" (worn) {Int+6}
   (You bought it in a shop on level 4 of the Orcish Mines)

   It affects your intelligence (+6).
 r - a +2 pair of boots (worn)
 s - the +3 pair of gloves of the Shining Light {*Confuse rF- Regen+ Stlth+}
   (You found it on level 1 of the Lair of Beasts)

   It makes you vulnerable to fire.
   It increases your rate of regeneration.
   It may confuse you when you take damage.
   It makes you more stealthy.
 v - a +2 pair of gloves of dexterity (worn)
 x - a +2 shield
 F - the +3 hat of Pondering (worn) {ponderous, MR+ MP+10 Int+5}
   (You took it off Gastronok on level 1 of the Lair of Beasts)

   It affects your intelligence (+5).
   It affects your resistance to hostile enchantments.
   It affects your magic capacity (+10).
 K - a +0 cloak (worn)
Magical Staves
 Q - an uncursed staff of air
Jewellery
 m - the ring of Xuypa {Ice Int+4}
   (You found it on level 8 of the Lair of Beasts)

   [ring of ice]

   It enhances your ice magic, and weakens your fire magic.
   It affects your intelligence (+4).
   It makes you vulnerable to fire.
   It protects you from cold.
 o - an uncursed ring of poison resistance
 t - a +3 ring of intelligence (right hand)
 B - an amulet of clarity (around neck)
 C - a +4 ring of evasion
 E - an uncursed amulet of resist mutation
 H - a ring of positive energy (left hand)
 L - the cursed ring of Optimism {rC+ rN++ MR- EV-2 Str+4}
   (You found it on level 8 of the Lair of Beasts)

   [ring of evasion]

   It affects your evasion (-2).
   It affects your strength (+4).
   It protects you from cold.
   It greatly protects you from negative energy.
   It affects your resistance to hostile enchantments.
   It has a curse placed upon it.
Wands
 b - a wand of enslavement (14)
 i - a wand of paralysis (8)
 J - a wand of digging (18)
 M - a wand of lightning (10)
 O - a wand of digging (17)
Scrolls
 a - 2 scrolls of fog
 f - 6 scrolls of magic mapping
 p - 11 scrolls of teleportation
 y - 2 scrolls of blinking
 z - a scroll of fear
 A - 4 scrolls of amnesia
 I - 3 scrolls of remove curse
 P - a scroll of summoning
 R - 6 scrolls of identify
 S - a scroll of recharging
 V - a scroll of holy word
Potions
 d - 2 potions of lignification
 h - 7 potions of flight
 j - a potion of cure mutation
 n - 2 potions of haste
 u - a potion of brilliance
 D - a potion of cancellation
 G - a potion of curing
 N - a potion of might
Miscellaneous
 T - a plain deck of destruction {drawn: 2}
Comestibles
 c - 8 bread rations
 g - 10 beef jerkies
 l - 5 meat rations
 U - a chunk of flesh
 W - a slice of pizza


   Skills:
 - Level 5.1 Fighting
 - Level 10.0 Short Blades
 - Level 5.0 Staves
 - Level 5.0 Armour
 - Level 10.7 Dodging
 + Level 13.7 Stealth
 + Level 4.7 Shields
 + Level 12.9 Spellcasting
 - Level 11.1 Conjurations
 - Level 6.0 Necromancy
 * Level 17.6 Air Magic


You had 8 spell levels left.
You knew the following spells:

 Your Spells              Type           Power        Failure   Level  Hunger
a - Shock                 Conj/Air       ####         1%          1    None
b - Repel Missiles        Chrm/Air       ######       1%          2    None
c - Swiftness             Chrm/Air       #######.     1%          2    None
d - Static Discharge      Conj/Air       ########     1%          3    None
e - Lightning Bolt        Conj/Air       ########..   2%          5    None
f - Bolt of Draining      Conj/Necr      #######...   13%         5    None
g - Conjure Flame         Conj/Fire      #######.     5%          3    None
h - Blink                 Tloc           N/A          19%         2    None
i - Tornado               Air            ########..   100%        9    #######


Dungeon Overview and Level Annotations

Branches:
Dungeon (14/15)            Temple (0/1) D:7            Lair (8/8) D:9
 Shoals (0/4) Lair:6       Spider (0/4) Lair:6        Slime (0/6) Lair:6
    Orc (4/4) D:12            Elf (0/3) Orc:3        Vaults (0/5) D:13

Altars:
Ashenzari
Elyvilon
Kikubaaqudgha
Makhleb
Okawaru
Qazlal
Ru
Trog
Beogh

Shops:
D:10 *   D:12 %   D:14 *   Orc:2 %%?   Orc:4 ?%*[

Annotations:
D:4 exclusion: phantom


Innate Abilities, Weirdness & Mutations

Your system is resistant to poisons.
You sometimes yell uncontrollably at your foes.
You are weak. (Str -2)
Your spells are a little harder to cast, but a little more powerful.


Message History

You hear a mighty clap of thunder!
The bolt of lightning hits the cyclops.
The cyclops is lightly wounded.
Unknown command.
Unknown command.
Casting: Lightning Bolt
Confirm with . or Enter, or press ? or * to list all spells.
Aiming: Lightning Bolt
Press: ? - help, Shift-Dir - straight line, f/p - cyclops
Aim: a cyclops (lightly wounded)
You hear a mighty clap of thunder!
The bolt of lightning hits the cyclops.
The cyclops is almost dead.
The cyclops throws a large rock.
The large rock is repelled.
Unknown command.
Unknown command.
Unknown command.
The cyclops hits you!!
You die...
Kikubaaqudgha rasps: "You have failed me!
Welcome... death!"

.
......................
....................
..###................
##...............
#......5(......#
##...###.......#
.###....#∩)..c...##
....(...###))...##
...(.....@C....##
.....................##
....................##
...................##
..................##
.................##
................##
...............##
..............##


You could see a cyclops and a centaur.

Vanquished Creatures
  Gastronok (Lair:1)
  A hydra (Lair:8)
  A catoblepas (Lair:6)
  3 centaur warriors (D:13)
  18 death yaks
  A queen ant (Lair:2)
  3 tengu warriors
  5 ogre magi
  5 skeletal warriors (D:13)
  The ghost of SlimeFever the Nimble, a novice DsMo of Ru (D:8)
  An unseen horror (D:11)
  2 ice devils (IceCv)
  2 ice statues (IceCv)
  2 hill giants
  2 orc knights
  9 ugly things
  4 manticores
  4 griffons
  A wolf spider (Lair:6)
  7 oklob plants (Lair:6)
  An orc sorcerer (Orc:1)
  5 cyclopes
  3 sirens (Lair:6)
  4 orange demons (D:13)
  19 elephants
  A gargoyle (D:12)
  7 black mambas
  A torpor snail (Lair:8)
  39 spiny frogs
  4 fire drakes
  8 trolls
  8 komodo dragons
  2 giant leeches (Lair:8)
  8 polar bears
  7 blue devils (IceCv)
  Grinder (D:6)
  A merfolk (Lair:6)
  16 two-headed ogres
  25 blink frogs
  A water elemental (D:12)
  A centaur simulacrum (D:12)
  48 yaks
  4 basilisks
  A vampire (D:12)
  A wyvern (Lair:4)
  A hungry ghost (D:7)
  The ghost of SlimeFever the Sneak, an amateur NaFE (D:3)
  9 hippogriffs
  3 deep elf magi
  A wraith (D:12)
  5 vampire mosquitoes (Lair:8)
  A steam dragon (D:9)
  3 wargs
  22 soldier ants
  Edmund (D:6)
  18 water moccasins
  22 wolves
  14 ice beasts
  3 trapdoor spider simulacra (D:12)
  8 porcupines
  7 black bears
  2 eyes of draining
  2 phantoms (D:6)
  2 sky beasts
  2 wasps
  2 spiders (D:8)
  2 swamp drakes
  34 ogres
  19 centaurs
  18 orc warriors
  A boggart (D:13)
  12 crocodiles
  33 giant frogs
  5 big kobolds
  Blork the orc (D:6)
  3 wyvern zombies
  2 wyvern skeletons
  17 killer bees
  7 scorpions
  A water moccasin skeleton (D:12)
  11 electric eels
  17 wights
  8 crimson imps
  38 orc wizards
  10 centaur zombies
  7 giant frog zombies
  An iron imp (Orc:3)
  5 hounds
  20 orc priests
  8 centaur skeletons
  6 iguanas
  3 jellies
  A human zombie (Ossuary)
  2 hell rats (Lair:4)
  30 worker ants
  31 sheep
  3 giant frog simulacra (D:12)
  A big kobold zombie (Ossuary)
  2 hound skeletons
  2 mummies (Ossuary)
  A hound zombie (D:6)
  62 river rats
  15 adders
  3 shadow imps
  8 white imps
  8 ufetubi
  3 oozes
  2 adder zombies (Ossuary)
  2 adder skeletons
  5 worms
  7 giant geckos
  207 orcs
  2 ball pythons
  10 goblins
  10 hobgoblins
  21 jackals
  24 kobolds
  6 quokkas
  A ball python zombie (D:5)
  8 bats
  9 giant cockroaches
  5 giant newts
  8 hobgoblin zombies (Ossuary)
  A jackal zombie (Ossuary)
  11 kobold zombies (Ossuary)
  7 orc zombies (Ossuary)
  A quokka zombie (D:5)
  9 rats
  A rat zombie (Ossuary)
  13 fungi
  22 plants
1271 creatures vanquished.

Vanquished Creatures (others)
  2 wights (D:10)
  A worker ant (D:12)
  3 white imps (IceCv)
  4 ufetubi (IceCv)
  3 orcs
  50 fungi
  65 plants
128 creatures vanquished.

Grand Total: 1399 creatures vanquished

Notes
Turn   | Place    | Note
--------------------------------------------------------------
     0 | D:1      | inmateoo the High Elf Air Elementalist began the quest for the Orb.
     0 | D:1      | Reached XP level 1. HP: 11/11 MP: 4/4
   199 | D:1      | Reached XP level 2. HP: 10/17 MP: 1/6
   476 | D:1      | Learned a level 2 spell: Repel Missiles
   479 | D:1      | Learned a level 2 spell: Swiftness
  1202 | D:2      | Reached XP level 3. HP: 13/21 MP: 6/8
  1680 | D:2      | Reached skill level 1 in Short Blades
  1847 | D:2      | Found a white marble altar of Elyvilon.
  1854 | D:2      | Reached skill level 4 in Air Magic
  1854 | D:2      | Reached XP level 4. HP: 27/27 MP: 4/9
  2039 | D:2      | Found a sacrificial altar of Ru.
  2212 | D:2      | Found a faded altar to an unknown god.
  2222 | D:2      | Became a worshipper of Kikubaaqudgha
  2222 | D:2      | Acquired Kikubaaqudgha's first power
  2222 | D:2      | Received a gift from Kikubaaqudgha
  2222 | D:2      | Identified Kikubaaqudgha's Compendium of Stolen Souls (Kikubaaqudgha gifted it to you on level 2 of the Dungeon)
  2227 | D:2      | Learned a level 3 spell: Static Discharge
  2597 | D:3      | Noticed SlimeFever's ghost (amateur NaFE)
  3083 | D:3      | Found a burning altar of Makhleb.
  3086 | D:3      | Reached XP level 5. HP: 31/31 MP: 7/10
  3091 | D:3      | Acquired Kikubaaqudgha's second power
  3377 | D:3      | Found a shattered altar of Ashenzari.
  3657 | D:3      | Killed SlimeFever's ghost
  3657 | D:3      | Reached skill level 5 in Air Magic
  3657 | D:3      | Reached XP level 6. HP: 16/36 MP: 5/12
  4240 | D:4      | Found an iron altar of Okawaru.
  4508 | D:5      | Entered Level 5 of the Dungeon
  4514 | D:5      | Reached XP level 7. HP: 22/41 MP: 13/13
  4589 | D:5      | Found a stormy altar of Qazlal.
  4698 | D:5      | Reached skill level 6 in Air Magic
  4939 | D:5      | Found a sand-covered staircase.
  4943 | Ossuary  | Entered an ossuary
  5136 | Ossuary  | Reached skill level 5 in Stealth
  5286 | Ossuary  | Reached XP level 8. HP: 40/46 MP: 9/15
  5575 | D:5      | Reached skill level 7 in Air Magic
  5835 | D:6      | Noticed Grinder
  5872 | D:6      | Learned a level 5 spell: Lightning Bolt
  5973 | D:6      | Noticed Edmund
  6017 | D:6      | Killed Edmund
  6022 | D:6      | Found an ancient bone altar of Kikubaaqudgha.
  6025 | D:6      | Identified Waoheli's Reference Book on Transmutation and Contamination (You found it on level 6 of the Dungeon)
  6317 | D:6      | Reached skill level 5 in Conjurations
  6343 | D:6      | HP: 2/46 [poisoned by a centaur]
  6467 | D:6      | Noticed Blork the orc
  6484 | D:7      | Received a gift from Kikubaaqudgha
  6562 | D:7      | Reached skill level 5 in Dodging
  6562 | D:7      | Reached skill level 5 in Spellcasting
  6564 | D:7      | Identified Kikubaaqudgha's Compendium of Black Secrets (Kikubaaqudgha gifted it to you on level 7 of the Dungeon)
  6685 | D:6      | Killed Blork the orc
  6904 | D:6      | Reached skill level 8 in Air Magic
  6924 | D:6      | Paralysed by Grinder for 4 turns
  6928 | D:6      | Killed Grinder
  6928 | D:6      | Reached XP level 9. HP: 46/51 MP: 7/17
  7222 | D:7      | Reached skill level 5 in Short Blades
  7471 | D:7      | Found a staircase to the Ecumenical Temple.
  7625 | D:7      | Reached skill level 9 in Air Magic
  8299 | D:8      | Noticed SlimeFever's ghost (novice DsMo)
  8324 | D:8      | Killed SlimeFever's ghost
  8406 | D:8      | Reached XP level 10. HP: 31/56 MP: 20/20
  8601 | D:8      | Gained mutation: Your system is resistant to poisons. [mutagenic meat]
  8602 | D:8      | Gained mutation: You occasionally shout uncontrollably at your foes. [mutagenic meat]
  8605 | D:8      | Gained mutation: Your spells are a little harder to cast, but a little more powerful. [mutagenic meat]
  8814 | D:8      | Noticed a manticore
  9281 | D:8      | Reached skill level 10 in Air Magic
  9493 | D:8      | Killed a manticore
  9973 | D:9      | Found Wuorphyre's Elemental Accessories.
  9985 | D:9      | Found a staircase to the Lair.
 10296 | D:9      | Reached XP level 11. HP: 60/69 MP: 18/24
 10507 | D:9      | Acquired Kikubaaqudgha's third power
 10933 | D:10     | Entered Level 10 of the Dungeon
 10933 | D:10     | Found Ucsawafu's Assorted Antiques.
 11063 | D:10     | Bought a scroll of identify for 66 gold pieces
 11065 | D:10     | Bought a potion of curing for 99 gold pieces
 11065 | D:10     | Bought a scroll labeled RIHUDGHA PIECU for 33 gold pieces
 11065 | D:10     | Bought a dyed leather armour for 66 gold pieces
 11065 | D:10     | Bought a potion of curing for 99 gold pieces
 12449 | D:11     | Acquired Kikubaaqudgha's fourth power
 12571 | D:11     | Reached skill level 11 in Air Magic
 13660 | D:12     | Reached XP level 12. HP: 74/74 MP: 19/25
 14116 | D:12     | Found a staircase to the Orcish Mines.
 14806 | D:11     | Learned a level 1 spell: Pain
 15440 | D:11     | Gained mutation: You are weak. (Str -2) [mutagenic meat]
 15441 | D:11     | Gained mutation: You sometimes yell uncontrollably at your foes. [mutagenic meat]
 15601 | D:11     | Killed an unseen horror
 15869 | D:12     | Reached skill level 12 in Air Magic
 16326 | D:12     | Found Sixix's Food Boutique.
 16764 | Orc:1    | Entered Level 1 of the Orcish Mines
 16845 | Orc:1    | Found a bloodstained altar of Trog.
 16882 | Orc:1    | Reached skill level 10 in Dodging
 17665 | Orc:2    | Found a roughly hewn altar of Beogh.
 17677 | Orc:2    | Found Ezaza's Food Emporium.
 17969 | Orc:2    | Found Wubis's Food Shoppe.
 17977 | Orc:2    | Found Heunut's Magic Scroll Shop.
 17985 | Orc:2    | Bought a scroll of remove curse for 45 gold pieces
 17985 | Orc:2    | Bought a scroll of identify for 30 gold pieces
 17985 | Orc:2    | Bought 3 scrolls of identify for 90 gold pieces
 17985 | Orc:2    | Bought a scroll of magic mapping for 52 gold pieces
 18434 | Orc:3    | Found a staircase to the Elven Halls.
 18848 | Orc:3    | Reached skill level 10 in Short Blades
 18975 | Orc:3    | Learned a level 3 spell: Conjure Flame
 18978 | Orc:3    | Learned a level 2 spell: Blink
 18993 | Orc:3    | Learned a level 9 spell: Tornado
 19125 | Orc:4    | Entered Level 4 of the Orcish Mines
 19160 | Orc:4    | Found a roughly hewn altar of Beogh.
 19285 | Orc:4    | Noticed an ogre mage
 19285 | Orc:4    | Noticed an ogre mage
 19286 | Orc:4    | Reached XP level 13. HP: 79/79 MP: 21/27
 19286 | Orc:4    | Paralysed by an ogre mage for 7 turns
 19616 | Orc:4    | Reached skill level 10 in Stealth
 19616 | Orc:4    | Reached skill level 10 in Conjurations
 20072 | Orc:4    | Reached skill level 13 in Air Magic
 20072 | Orc:4    | Reached skill level 10 in Spellcasting
 20687 | Orc:4    | Killed an ogre mage
 20818 | Orc:4    | Noticed an ogre mage
 20822 | Orc:4    | Killed an ogre mage
 20864 | Orc:4    | Killed an ogre mage
 21272 | Orc:4    | Noticed an orc warlord
 21720 | Orc:4    | Found Vybiuvy's Food Emporium.
 21720 | Orc:4    | Found Heysman's Magic Scroll Boutique.
 21721 | Orc:4    | Found Jagut's Antique Armour Shop.
 21721 | Orc:4    | Found Siagon's Assorted Antiques.
 21729 | Orc:4    | Bought a pair of runed gloves for 117 gold pieces
 21752 | Orc:4    | Bought a scorched lapis lazuli ring for 135 gold pieces
 21753 | Orc:4    | Bought a scroll of teleportation for 48 gold pieces
 21753 | Orc:4    | Bought a scroll of blinking for 120 gold pieces
 21754 | Orc:4    | Identified the ring "Digie" {Str+2 Stlth-} (You bought it in a shop on level 4 of the Orcish Mines)
 21758 | Orc:4    | Bought a crude ring mail for 234 gold pieces
 21770 | Orc:4    | Identified the cursed +0 ring mail "Ablab" {Int+6} (You bought it in a shop on level 4 of the Orcish Mines)
 21772 | Orc:4    | Bought a paperback book for 405 gold pieces
 22194 | Lair:1   | Entered Level 1 of the Lair of Beasts
 22313 | Lair:1   | Noticed Gastronok
 22316 | Lair:1   | Reached skill level 1 in Armour
 22795 | Lair:1   | Got a pair of slimy gloves
 22806 | Lair:1   | Identified the +3 pair of gloves of the Shining Light {*Confuse rF- Regen+ Stlth+} (You found it on level 1 of the Lair of Beasts)
 22835 | Lair:1   | Reached skill level 5 in Fighting
 23220 | Lair:1   | Killed Gastronok
 23220 | Lair:1   | Reached skill level 1 in Staves
 23660 | Lair:2   | Reached skill level 14 in Air Magic
 24057 | Lair:2   | Reached XP level 14. HP: 88/88 MP: 29/29
 24219 | Lair:2   | Reached skill level 1 in Necromancy
 24566 | Lair:3   | Got an encrusted morningstar
 24567 | Lair:3   | Identified the +8 morningstar "Sarcophage" {vamp, Dex+2} (You found it on level 3 of the Lair of Beasts)
 25733 | Lair:4   | Learned a level 5 spell: Bolt of Draining
 26692 | Lair:5   | Found a frozen archway.
 26757 | IceCv    | Entered an ice cave
 28520 | Lair:6   | Reached skill level 15 in Air Magic
 28572 | Lair:6   | Got a fine halberd
 28573 | Lair:6   | Identified the +9 halberd of Corporal Punishment {chop, rC+ MR+} (You found it on level 6 of the Lair of Beasts)
 28602 | Lair:6   | Found a hole to the Spider Nest.
 28654 | Lair:6   | Found a staircase to the Slime Pits.
 29645 | Lair:6   | Reached XP level 15. HP: 92/92 MP: 31/31
 30033 | Lair:6   | Found a staircase to the Shoals.
 30813 | Lair:7   | Reached skill level 5 in Armour
 31115 | Lair:7   | Reached skill level 5 in Staves
 31270 | Lair:7   | Reached skill level 1 in Shields
 31568 | Lair:7   | Reached skill level 16 in Air Magic
 32191 | Lair:8   | Entered Level 8 of the Lair of Beasts
 33177 | Lair:8   | Reached skill level 5 in Necromancy
 34142 | Lair:8   | Got an ancient iron ring
 34192 | Lair:8   | Got a fine copper ring
 34193 | Lair:8   | Identified the ring of Xuypa {Ice Int+4} (You found it on level 8 of the Lair of Beasts)
 34194 | Lair:8   | Identified the cursed ring of Optimism {rC+ rN++ MR- EV-2 Str+4} (You found it on level 8 of the Lair of Beasts)
 34486 | Lair:8   | Reached XP level 16. HP: 98/98 MP: 32/33
 35255 | D:13     | Reached skill level 17 in Air Magic
 36012 | D:13     | Found a sacrificial altar of Ru.
 36405 | D:13     | Found a gate to the Vaults.
 36807 | D:14     | Found Necig's General Store.
 36810 | D:14     | Bought a scroll of identify for 30 gold pieces
 36980 | D:14     | Slain by a cyclops

Vault maps used:
D:1:      grunt_arrival_lava_bath
D:2:      kennysheep_six_static_rooms, elyvilon_altar_5, ecumenical_altar_2,
          first_bread, nicolae_ru_awakened_eye
D:3:      old_standard_altar, lemuel_round_altar, lexackson_kobold_supper
D:4:      okawaru_gym_becter, patterned_corridor
D:5:      nicolae_qazlal_eye_of_the_storm, enter_ossuary_5
D:6:      kiku_gazebo_pond_becter, uniq_blork_the_orc, uniq_edmund, uniq_grinder
D:7:      temple_green
D:8:      hangedman_pestilent_swarm
D:9:      minmay_lair_entry_lava, nicolae_elemental_shop
D:10:     serial_shops, nicolae_shop_window_shopping
D:12:     erik_orc_1, serial_shops, nicolae_shop_waterfront, serial_ice,
          serial_ice_e, serial_ice_d, serial_ice_h, serial_ice_l, serial_ice_c,
          serial_ice_o, serial_ice_f, serial_ice_m, serial_ice_g, serial_ice_n
D:13:     hangedman_vaults_entry_quadrant_bands, basic_altar,
          einodemon_barbed_minivault
D:14:     nicolae_trove_entry_columns, serial_shops, kennysheep_mini_moat,
          kennysheep_big_empty_room
Lair:1:   beast_lair_carwin_large_1, uniq_gastronok
Lair:2:   wad_woods_road_03, minivault_29
Lair:4:   kennysheep_rathole, serial_bayou_pond_c, disabler_island
Lair:5:   portal_ice_cave_entry_ice_beasts, bh_autumn_forest_stairs,
          grunt_megastairs_3
Lair:6:   minmay_lair_oklob_tunnel, elwin_shoals_entry_stream,
          spider_nest_entry_rubble, dpeg_slime_entry_corner
Lair:8:   minmay_lair_end_frog_pond, serial_bayou_pond_a
Orc:1:    basic_altar
Orc:2:    serial_shops, shop, nicolae_shop_waterfront, shop, basic_altar
Orc:3:    nicolae_orc_pool_cavern, hangedman_minor_magic
Orc:4:    st_orc_ogre_mass, mines1_david
Ossuary:  ossuary_tomb_1
IceCv:    ice_cave_small_demon

Action                   |  1- 3 |  4- 6 |  7- 9 | 10-12 | 13-15 | 16-18 || total
-------------------------+-------+-------+-------+-------+-------+-------++-------
Melee: Unarmed           |    25 |       |       |       |       |       ||    25
       Club              |     8 |    24 |       |       |       |       ||    32
       Dagger            |    14 |    40 |   209 |   678 |   928 |   177 ||  2046
       Whip              |       |    34 |       |       |       |       ||    34
       Short sword       |       |       |       |    13 |       |       ||    13
       Staff             |       |       |       |       |     3 |     1 ||     4
       Halberd           |       |       |       |       |     3 |       ||     3
 Cast: Shock             |    88 |    84 |   105 |   159 |    63 |     8 ||   507
       Repel Missiles    |     1 |       |     1 |     4 |     1 |     2 ||     9
       Static Discharge  |       |     2 |    31 |    45 |   115 |     6 ||   199
       Swiftness         |       |     1 |       |     1 |     1 |       ||     3
       Lightning Bolt    |       |       |       |    79 |   287 |    65 ||   431
       Pain              |       |       |       |    23 |       |       ||    23
       Conjure Flame     |       |       |       |       |    15 |     1 ||    16
       Bolt of Draining  |       |       |       |       |     8 |     1 ||     9
Evoke: Wand              |       |       |       |     4 |       |       ||     4
       Deck              |       |       |       |     2 |     2 |       ||     4
  Use: Scroll            |     4 |     6 |    11 |    10 |    23 |     2 ||    56
       Potion            |       |       |    10 |     2 |     8 |     7 ||    27
 Stab: Sleeping          |     3 |     4 |     8 |     8 |     5 |     4 ||    32
       Distracted        |       |     1 |     1 |     2 |     5 |     3 ||    12
       Invisible         |       |       |       |     3 |       |       ||     3
       Fleeing           |       |       |       |       |       |     1 ||     1
  Eat: Chunk             |     3 |     7 |     4 |    33 |    27 |     5 ||    79
       Royal jelly       |       |     1 |       |     5 |     6 |       ||    12
       Beef jerky        |       |       |     2 |     3 |     1 |     1 ||     7
       Fruit             |       |       |     6 |     8 |    10 |       ||    24
       Meat ration       |       |       |     2 |       |       |       ||     2
       Pizza             |       |       |       |     1 |     4 |     1 ||     6
       Bread ration      |       |       |       |       |     1 |       ||     1
